 Dungeon Crawl Stone Soup version 0.28.0-53-g5a82cb258f (webtiles) character file.

Game seed: 14891408986558557966

81811 dranuc9 the Eclecticist (level 15, -5/87 HPs)
             Began as a Deep Elf Conjurer on June 27, 2022.
             Was a High Priest of Vehumet.
             Shot with an arrow by a centaur warrior (21 damage)
             ... on level 14 of the Dungeon on June 29, 2022.
             The game lasted 08:29:07 (33095 turns).

dranuc9 the Eclecticist (Deep Elf Conjurer)        Turns: 33095, Time: 08:29:08

Health: -5/87      AC: 14    Str:  4    XL:     15   Next: 27%
Magic:  3/45       EV: 13    Int: 31    God:    Vehumet [*****.]
Gold:   1282       SH:  0    Dex: 13    Spells: 13/52 levels left

rFire   + + .      SeeInvis +   s - staff of fire
rCold   + . .      Faith    .   (no shield)
rNeg    + . .      Spirit   .   u - +2 robe {rN+}
rPois   .          Reflect  .   I - +2 hat
rElec   .          Harm     .   E - +1 cloak
rCorr   .          Rampage  .   w - +2 pair of gloves
Will    +....                   J - +2 pair of boots {rF+}
Stlth   ++++......              B - amulet of Vitality {Regen+ HP+15}
HPRegen 1.04/turn               D - ring "Rirezegaim" {rC+ MP+9 SInv Stlth+}
MPRegen 0.29/turn               x - ring of wizardry

@: death channelling, studying Long Blades
A: low MP 1
a: Renounce Religion


You were on level 14 of the Dungeon.
You worshipped Vehumet.
Vehumet was extremely pleased with you.
You visited 4 branches of the dungeon, and saw 22 of its levels.
You also visited: Ice Cave.

You collected 1583 gold pieces.
You spent 301 gold pieces at shops.

Inventory:

Hand Weapons
 A - a +3 shortbow of freezing
 K - the +10 short sword of Division {flame, rPois Will+ Str+2}
   (You found it on level 10 of the Dungeon)

   It burns those it strikes, dealing additional fire damage.
   Str:       It affects your strength (+2).
   rPois:     It protects you from poison.
   Will:      It increases your willpower.
Missiles
 m - 477 arrows
 t - 39 poisoned darts (quivered)
 O - 11 curare-tipped darts
 X - 7 datura-tipped darts
Armour
 i - an orb of light
 n - a +0 robe of the Archmagi
 u - a +2 robe of positive energy (worn)
 w - a +2 pair of gloves (worn)
 E - a +1 cloak (worn)
 F - an orb of guile
 I - a +2 hat (worn)
 J - a +2 pair of boots of fire resistance (worn)
Magical Staves
 s - a staff of fire (weapon)
 T - a staff of poison
Jewellery
 h - an amulet of magic regeneration
 o - a ring of ice
 q - the ring "Nirionim" {Fly rElec Dex+6}
   (You found it in an ice cave)

   [ring of flight]

   Dex:       It affects your dexterity (+6).
   rElec:     It insulates you from electricity.
   Fly:       It grants you flight.
 v - a ring of wizardry
 x - a ring of wizardry (right hand)
 z - a ring of magical power
 B - the amulet of Vitality (around neck) {Regen+ HP+15}
   (You acquired it on level 9 of the Dungeon)

   [amulet of regeneration]

   HP:        It affects your health (+15).
   Regen:     It increases your rate of health regeneration.
 D - the ring "Rirezegaim" (left hand) {rC+ MP+9 SInv Stlth+}
   (You found it in an ice cave)

   [ring of protection from cold]

   rC:        It protects you from cold.
   MP:        It affects your magic capacity (+9).
   SInv:      It lets you see invisible.
   Stlth:     It makes you more stealthy.
 Y - a ring of poison resistance
Wands
 a - a wand of acid (4)
 c - a wand of digging (8)
 r - a wand of paralysis (3)
 y - a wand of flame (25)
 G - a wand of charming (10)
 S - a wand of iceblast (13)
Scrolls
 d - a scroll of brand weapon
 l - 2 scrolls of teleportation
 p - 3 scrolls of magic mapping
 N - a scroll of silence
 P - a scroll of amnesia {unknown}
 R - a scroll of fear
 U - a scroll of enchant armour
Potions
 b - a potion of magic
 f - 3 potions of cancellation
 g - a potion of ambrosia
 j - 3 potions of haste
 C - 3 potions of attraction
 L - 3 potions of resistance
 M - 4 potions of curing
 Q - 2 potions of lignification
 V - 3 potions of flight
Miscellaneous
 H - a condenser vane


   Skills:
 + Level 0.7 Fighting
 + Level 5.0 Bows
 + Level 4.1 Dodging
 + Level 4.6 Stealth
 * Level 19.4 Spellcasting
 * Level 15.6 Conjurations
 * Level 12.3 Hexes
 * Level 10.3 Necromancy
 * Level 10.6 Fire Magic
 + Level 3.5 Earth Magic
 * Level 8.1 Evocations


You had 13 spell levels left.
You knew the following spells:

 Your Spells              Type           Power      Damage    Failure   Level
a - Magic Dart            Conj           100%       1d8       0%          1
b - Searing Ray           Conj           100%       2d8       0%          2
c - Animate Skeleton      Necr           100%       N/A       0%          1
d - Stone Arrow           Conj/Erth      100%       3d13      1%          3
e - Fulminant Prism       Conj/Hex       43%        3d20      1%          4
f - Fireball              Conj/Fire      52%        3d20      1%          5
g - Frozen Ramparts       Ice            60%        1d8       1%          3
h - Starburst             Conj/Fire      52%        6d14      1%          6
i - Iskenderun's Mystic   Conj/Tloc      68%        2d14      1%          4
j - Flame Wave            Conj/Fire      100%       2d17      1%          4
k - Death Channel         Necr           38%        N/A       1%          6

Your spell library contained the following spells:

 Spells                   Type           Power      Damage    Failure   Level
 Lightning Bolt           Conj/Air       34%        1d51      1%          5
 Foxfire                  Conj/Fire      100%       2x1d9     0%          1
 Pain                     Necr           100%       1d9       0%          1
 Conjure Flame            Conj/Fire      100%       6-21      0%          3
 Dazzling Flash           Conj/Hex       100%       N/A       0%          3
 Apportation              Tloc           60%        N/A       1%          1
 Sandblast                Erth           100%       2d20      1%          1
 Corpse Rot               Necr/Air       100%       N/A       1%          2
 Passwall                 Tmut/Erth      34%        N/A       1%          2
 Sublimation of Blood     Necr           76%        N/A       1%          2
 Ignite Poison            Fire/Tmut/Pois 67%        N/A       1%          3
 Inner Flame              Hex/Fire       100%       N/A       1%          3
 Mephitic Cloud           Conj/Pois/Air  58%        N/A       1%          3
 Vampiric Draining        Necr           76%        2d11      1%          3
 Dispel Undead            Necr           76%        3d25      1%          4
 Hailstorm                Conj/Ice       68%        3d14      1%          4
 Agony                    Necr           76%        N/A       1%          5
 Borgnjor's Vile Clutch   Necr/Erth      32%        N/A       1%          5
 Freezing Cloud           Conj/Ice/Air   29%        6-21      1%          5
 Irradiate                Conj/Tmut      34%        3d24      1%          5
 Silence                  Hex/Air        31%        N/A       1%          5
 Animate Armour           Summ/Erth      82%        N/A       2%          4
 Petrify                  Tmut/Erth      41%        N/A       2%          4
 Ice Form                 Ice/Tmut       30%        N/A       4%          4
 Summon Ice Beast         Ice/Summ       30%        N/A       4%          4
 Simulacrum               Ice/Necr       29%        N/A       9%          6
 Ignition                 Fire           48%        3d14      12%         8
 Alistair's Intoxication  Tmut/Pois      20%        N/A       14%         5
 Lehudib's Crystal Spear  Conj/Erth      36%        10d9      17%         8
 Eringya's Noxious Bog    Tmut/Pois      15%        N/A       19%         6


Dungeon Overview and Level Annotations

Branches:
Dungeon (14/15)            Temple (1/1) D:4            Lair (6/6) D:8
  Swamp (0/4) Lair:3       Spider (0/4) Lair:3        Slime (1/5) Lair:5
    Orc (0/2) D:9          Vaults (0/5) D:13          IceCv (visited)

Altars:
Ashenzari
Cheibriados
Dithmenos
Elyvilon
Fedhas
Gozag
Hepliaklqana
Kikubaaqudgha
Makhleb
Nemelex Xobeh
Okawaru
Qazlal
Ru
Sif Muna
Trog
Uskayaw
Vehumet
Wu Jian
Xom
Yredelemnul
Zin
The Shining One
Jiyva

Shops:
D:2 *   D:3 (!:*   D:4 :*   D:6 !   D:7 =   D:10 !   D:11 *(


Innate Abilities, Weirdness & Mutations

Your magical capacity is low. (-10% MP)


Message History

You hear a shout! x2
Casting: Fulminant Prism (safe; 1% risk of failure)
Confirm with . or Enter, or press ? or * to list all spells.
Aiming: Fireball (safe; 1% risk of failure)
Press: ? - help, Shift-Dir - straight line, f - skeletal warrior
Aim: a skeletal warrior, wielding a +0 trident (severely damaged)
You feel a surge of power!
The fireball explodes!
The fireball engulfs the skeletal warrior!
The skeletal warrior is severely damaged.
You hear a shout!
Casting: Fireball (safe; 1% risk of failure)
Confirm with . or Enter, or press ? or * to list all spells.
Aiming: Fireball (safe; 1% risk of failure)
Press: ? - help, Shift-Dir - straight line, f/p - skeletal warrior
Aim: a skeletal warrior, wielding a +0 trident (severely damaged)
You feel a surge of power!
The fireball explodes!
The fireball engulfs the skeletal warrior!!!
You destroy the skeletal warrior!
Vehumet accepts your kill.
You feel your power returning.
You hear a shout!
Casting: Fireball (safe; 1% risk of failure)
Confirm with . or Enter, or press ? or * to list all spells.
Aiming: Fireball (safe; 1% risk of failure)
Press: ? - help, Shift-Dir - straight line, f - centaur warrior
Aim: a centaur warrior, wielding a +0 longbow and quivering arrows You feel a surge of power!
The fireball explodes!
The fireball engulfs the centaur warrior!!
The centaur warrior is heavily wounded.
The centaur warrior shoots an arrow.
The arrow hits you.
The centaur warrior shoots an arrow.
The arrow hits you!!
The centaur shoots an arrow.
The arrow hits you.
The centaur warrior shoots an arrow.
The arrow hits you!
The centaur warrior shoots an arrow.
The arrow hits you!!
* * * LOW HITPOINT WARNING * * *
There is a stone staircase leading up, spattered with blood here.
The centaur shoots an arrow.
The arrow hits you!
* * * LOW HITPOINT WARNING * * *
The centaur warrior shoots an arrow.
The arrow hits you!!
You die...

##### ##########
##.#..###.#.......##
#....<. ...........#.
#......##............
.?.......#............
#..............#......
......................
........@.............
.##.#................#
###.................
##........).........#
#.........c..........
##........c.)........
#.#.......c.)........
..............c.........
......#.................


You could see a centaur warrior and 3 centaurs.

Vanquished Creatures
  2 azure jellies
  2 quicksilver oozes (IceCv)
  Josephine (Lair:4)
  6 hydras
  Fannar (D:12)
  2 boulder beetles
  4 catoblepae
  An ogre mage (D:13)
  3 centaur warriors
  A tengu warrior (D:13)
  5 two-headed ogres
  12 death yaks
  Urug (D:11)
  Sonja (D:11)
  4 skeletal warriors
  The ghost of Palms the Slicer, a novice SpEn of Okawaru (Lair:1)
  Pikel (D:4)
  3 deep elf pyromancers
  2 ugly things
  A manticore (shapeshifter) (D:13)
  3 cyclopes
  3 manticores
  3 elephants (Lair:6)
  5 black mambas
  2 molten gargoyles (Lair:4)
  12 cane toads
  2 ice statues (IceCv)
  2 unseen horrors (D:12)
  4 rime drakes
  2 torpor snails
  A kobold demonologist (D:9)
  10 komodo dragons
  4 yaktaurs (D:13)
  An efreet (D:14)
  3 entropy weaver simulacra (IceCv)
  A tengu conjurer (D:14)
  6 trolls
  19 blink frogs
  20 slime creatures
  2 polar bears
  3 spriggans (Lair:1)
  2 shadows
  9 wraiths
  9 basilisks
  2 humans (D:9)
  66 yaks
  3 wyverns
  2 vampire mosquitoes (D:11)
  3 acid dragons
  12 water moccasins
  3 demonic crawler simulacra (IceCv)
  3 black bears
  2 ugly thing simulacra (IceCv)
  An ice beast (D:7)
  An orc warrior (D:9)
  3 sky beasts
  2 necrophages
  29 wolves
  An ogre (D:7)
  A phantom (D:7)
  15 centaurs
  A lemure (D:4)
  5 kobold brigands
  10 bullfrogs
  A gnoll sergeant (D:7)
  4 scorpions
  A glowing shapeshifter simulacrum (IceCv)
  7 earth elementals (D:12)
  A water moccasin zombie (D:5)
  2 wyvern skeletons
  5 killer bees
  An electric eel (D:7)
  10 wights
  5 lava snakes (Lair:4)
  2 howler monkeys
  A bullfrog zombie (D:5)
  A bullfrog skeleton (D:7)
  3 centaur zombies
  3 gnoll shamans
  3 hounds
  An orc priest (D:13)
  3 iguanas
  3 centaur skeletons
  10 orc wizards
  5 hell rats
  2 howler monkey zombies
  21 gnolls
  2 river rats (D:4)
  6 adders
  15 white imps
  An ufetubus (D:6)
  An adder skeleton (D:4)
  2 worms
  2 dart slugs (D:3)
  20 orcs
  3 bats (D:3)
  9 endoplasms
  4 giant cockroaches
  11 goblins
  10 hobgoblins
  2 jackals (D:4)
  17 kobolds
  7 quokkas
  11 ball pythons
  2 frilled lizards
  5 rats
  A bush (Lair:5)
  2 fulminant prisms (D:7)
575 creatures vanquished.

Vanquished Creatures (others)
  A bush (Lair:6)
  347 fulminant prisms
  58 fungi
  102 plants
508 creatures vanquished.

Grand Total: 1083 creatures vanquished

Notes
Turn   | Place    | Note
-------+----------+-------------------------------------------
     0 | D:1      | dranuc9 the Deep Elf Conjurer began the quest for the Orb.
     0 | D:1      | Reached XP level 1. HP: 10/10 MP: 6/6
   220 | D:1      | Reached XP level 2. HP: 15/15 MP: 6/8
   223 | D:1      | Learned a level 2 spell: Searing Ray
   494 | D:1      | Reached skill level 5 in Conjurations
   640 | D:1      | Found a faded altar of an unknown god.
  1118 | D:2      | Reached XP level 3. HP: 19/19 MP: 7/9
  1551 | D:2      | Found Ginyex's General Store.
  1681 | D:3      | Found Ofrunyn's Distillery.
  2064 | D:3      | Found Ivaeduon's Weapon Shoppe.
  2153 | D:3      | Found a shimmering blue altar of Sif Muna.
  2239 | D:3      | Got Sif Muna's Grimoire of Darkness
  2246 | D:3      | Found a bloodstained altar of Trog.
  2250 | D:3      | Reached XP level 4. HP: 16/24 MP: 6/11
  2481 | D:3      | Found Usou's Assorted Antiques.
  2509 | D:3      | Found Toofeacw's Book Emporium.
  2610 | D:3      | Reached skill level 4 in Spellcasting
  3083 | D:3      | Found a blossoming altar of Fedhas.
  3180 | D:3      | Reached XP level 5. HP: 28/28 MP: 9/13
  3388 | D:4      | Noticed Pikel
  3388 | D:4      | Noticed a lemure
  3388 | D:4      | Noticed a lemure
  3472 | D:4      | Reached skill level 1 in Hexes
  3601 | D:4      | Noticed a lemure
  3603 | D:4      | Noticed a lemure
  3607 | D:4      | Killed a lemure
  3792 | D:4      | Reached skill level 1 in Necromancy
  3992 | D:4      | Found a staircase to the Ecumenical Temple.
  4001 | Temple   | Entered the Ecumenical Temple
  4044 | Temple   | Became a worshipper of Vehumet
  4060 | D:4      | Reached skill level 1 in Bows
  4066 | D:4      | Reached XP level 6. HP: 32/32 MP: 2/14
  4204 | D:4      | Found a broken altar of Ashenzari.
  4265 | D:4      | Learned a level 1 spell: Animate Skeleton
  4404 | D:4      | Found Neiwn's Elemental Accessories.
  4417 | D:4      | Killed Pikel
  4418 | D:4      | Reached skill level 5 in Spellcasting
  4418 | D:4      | Reached skill level 1 in Fire Magic
  4418 | D:4      | Reached XP level 7. HP: 12/36 MP: 1/17
  4624 | D:4      | Found Jaguimoph's Self-Improvement Boutique.
  4848 | D:5      | Entered Level 5 of the Dungeon
  4856 | D:5      | Reached skill level 6 in Spellcasting
  5078 | D:5      | Learned a level 3 spell: Stone Arrow
  5242 | D:5      | Learned a level 4 spell: Fulminant Prism
  5316 | D:5      | Reached XP level 8. HP: 41/41 MP: 19/19
  5924 | D:5      | Reached * piety under Vehumet
  5924 | D:5      | Offered knowledge of Freeze by Vehumet.
  6233 | D:6      | Reached skill level 7 in Spellcasting
  6542 | D:6      | Reached skill level 8 in Spellcasting
  6658 | D:6      | Reached XP level 9. HP: 38/45 MP: 23/23
  6687 | D:6      | Reached skill level 5 in Bows
  6793 | D:6      | Found Romygg's Distillery.
  6813 | D:6      | Learned a level 5 spell: Fireball
  6982 | D:7      | Found a stormy altar of Qazlal.
  7010 | D:7      | Reached ** piety under Vehumet
  7010 | D:7      | Offered knowledge of Static Discharge by Vehumet.
  7025 | D:7      | Noticed a troll
  7264 | D:6      | Reached skill level 9 in Spellcasting
  7264 | D:6      | Reached skill level 1 in Evocations
  7555 | D:7      | Found an opulent altar of Gozag.
  8295 | D:7      | Reached skill level 5 in Necromancy
  8342 | D:7      | Noticed a two-headed ogre
  8345 | D:7      | Reached skill level 5 in Hexes
  8349 | D:7      | Killed a two-headed ogre
  8350 | D:7      | Reached skill level 10 in Spellcasting
  8350 | D:7      | Reached skill level 10 in Conjurations
  8350 | D:7      | Reached skill level 1 in Earth Magic
  8407 | D:6      | Reached XP level 10. HP: 23/50 MP: 3/26
  9019 | D:7      | Noticed a green ugly thing
  9036 | D:7      | Found Ziemn's Jewellery Boutique.
  9414 | D:7      | Killed a green ugly thing
  9509 | D:7      | Found a shadowy altar of Dithmenos.
  9777 | D:8      | Found a staircase to the Lair.
  9791 | D:8      | Offered knowledge of Scorch by Vehumet.
  9907 | D:8      | Noticed a two-headed ogre
  9908 | D:8      | Reached skill level 11 in Spellcasting
 10684 | D:8      | Killed a two-headed ogre
 10685 | D:8      | Reached skill level 12 in Spellcasting
 11192 | D:9      | Reached *** piety under Vehumet
 11413 | D:9      | Identified a scroll of acquirement
 11413 | D:9      | Acquired the amulet of Vitality {Regen+ HP+15}
 11413 | D:9      | Found the amulet of Vitality {Regen+ HP+15}
 11479 | D:9      | Reached XP level 11. HP: 54/54 MP: 15/29
 11589 | D:9      | Reached skill level 5 in Fire Magic
 11614 | D:9      | Found a staircase to the Orcish Mines.
 11653 | D:9      | Found an iron altar of Okawaru.
 12573 | D:10     | Entered Level 10 of the Dungeon
 12581 | D:10     | Identified the +10 short sword of Division {flame, rPois
                  | Will+ Str+2}
 12630 | D:10     | Found a sacrificial altar of Ru.
 12773 | D:10     | Found Roridaiv's Distillery.
 12797 | D:10     | Offered knowledge of Sticky Flame by Vehumet.
 13224 | D:10     | Noticed a two-headed ogre
 13236 | D:10     | Killed a two-headed ogre
 13237 | D:10     | Reached skill level 13 in Spellcasting
 13587 | Lair:1   | Entered Level 1 of the Lair of Beasts
 13697 | Lair:1   | Found a runed translucent door.
 13699 | Lair:1   | Identified the +5 trident of Vonef {flame, rF+ SInv}
 13714 | Lair:1   | Noticed Palms's ghost (novice SpEn)
 14738 | Lair:1   | Learned a level 3 spell: Frozen Ramparts
 14988 | Lair:2   | Noticed a five-headed hydra
 15002 | Lair:2   | Noticed a death yak
 15002 | Lair:2   | Noticed a death yak
 15004 | Lair:2   | Noticed a death yak
 15287 | Lair:2   | Killed a death yak
 15287 | Lair:2   | Reached **** piety under Vehumet
 15288 | Lair:2   | Reached skill level 14 in Spellcasting
 15288 | Lair:2   | Reached XP level 12. HP: 59/59 MP: 25/32
 15307 | Lair:2   | Killed a five-headed hydra
 15468 | Lair:2   | Killed a death yak
 15473 | Lair:2   | Killed a death yak
 15940 | Lair:2   | Offered knowledge of Inner Flame by Vehumet.
 16520 | Lair:2   | Learned a level 6 spell: Starburst
 16527 | Lair:2   | Learned a level 4 spell: Iskenderun's Mystic Blast
 16628 | Lair:1   | Killed Palms's ghost
 16885 | Lair:3   | Reached skill level 5 in Evocations
 16897 | Lair:3   | Reached skill level 15 in Spellcasting
 16944 | Lair:3   | Found a hole to the Spider Nest.
 16978 | Lair:3   | Found a staircase to the Swamp.
 17055 | Lair:3   | Found a gate leading to a gauntlet.
 18127 | Lair:4   | Reached skill level 10 in Hexes
 18371 | Lair:4   | Noticed a five-headed hydra
 18380 | Lair:4   | Killed a five-headed hydra
 18401 | Lair:4   | Noticed Josephine
 18411 | Lair:4   | Killed Josephine
 18411 | Lair:4   | Reached ***** piety under Vehumet
 18411 | Lair:4   | Offered knowledge of Ozocubu's Refrigeration by Vehumet.
 18412 | Lair:4   | Reached XP level 13. HP: 63/63 MP: 27/34
 19653 | Lair:5   | Reached skill level 16 in Spellcasting
 20473 | Lair:5   | Gained mutation: You expend magic power (3 MP) to
                  | strengthen your wands. [potion of mutation]
 20473 | Lair:5   | Gained mutation: You are frail. (-10% HP) [potion of
                  | mutation]
 20474 | Lair:5   | Lost mutation: You are frail. (-10% HP) [potion of
                  | mutation]
 20474 | Lair:5   | Lost mutation: You expend magic power (3 MP) to strengthen
                  | your wands. [potion of mutation]
 20474 | Lair:5   | Gained mutation: You occasionally shout uncontrollably at
                  | your foes. [potion of mutation]
 20474 | Lair:5   | Gained mutation: You have large cloven feet. [potion of
                  | mutation]
 20475 | Lair:5   | Lost mutation: You occasionally shout uncontrollably at
                  | your foes. [potion of mutation]
 20475 | Lair:5   | Lost mutation: You have large cloven feet. [potion of
                  | mutation]
 20475 | Lair:5   | Gained mutation: You are frail. (-10% HP) [potion of
                  | mutation]
 20475 | Lair:5   | Gained mutation: You have a pair of small horns on your
                  | head. [potion of mutation]
 20475 | Lair:5   | Gained mutation: Your magical capacity is low. (-10% MP)
                  | [potion of mutation]
 20476 | Lair:5   | Lost mutation: Your magical capacity is low. (-10% MP)
                  | [potion of mutation]
 20476 | Lair:5   | Lost mutation: You have a pair of small horns on your head.
                  | [potion of mutation]
 20476 | Lair:5   | Lost mutation: You are frail. (-10% HP) [potion of
                  | mutation]
 20476 | Lair:5   | Gained mutation: You are dopey. (Int -2) [potion of
                  | mutation]
 20476 | Lair:5   | Gained mutation: You have sharp toenails. [potion of
                  | mutation]
 20477 | Lair:5   | Lost mutation: You are dopey. (Int -2) [potion of mutation]
 20477 | Lair:5   | Lost mutation: You have sharp toenails. [potion of
                  | mutation]
 20477 | Lair:5   | Gained mutation: Your magical capacity is low. (-10% MP)
                  | [potion of mutation]
 20522 | Lair:5   | Found a staircase to the Slime Pits.
 20522 | Lair:5   | Found a viscous altar of Jiyva.
 21238 | Lair:6   | Entered Level 6 of the Lair of Beasts
 21443 | Lair:6   | Reached skill level 17 in Spellcasting
 22393 | Lair:6   | Reached XP level 14. HP: 67/67 MP: 29/34
 23494 | Lair:5   | Reached skill level 18 in Spellcasting
 24541 | Slime:1  | Entered Level 1 of the Pits of Slime
 24541 | Slime:1  | Noticed a rockslime
 24541 | Slime:1  | Noticed an azure jelly
 24544 | Slime:1  | Noticed an azure jelly
 24546 | Slime:1  | Killed an azure jelly
 24546 | Slime:1  | Noticed a quicksilver ooze
 26788 | D:11     | Noticed Urug
 26801 | D:11     | Killed Urug
 27064 | D:11     | Noticed Sonja
 27071 | D:11     | Killed Sonja
 27116 | D:11     | Found Gydicir's Weapon Emporium.
 27235 | D:11     | Offered knowledge of Lee's Rapid Deconstruction by Vehumet.
 27390 | D:11     | Found a sacrificial altar of Ru.
 27827 | D:11     | Found Ycroedi's Fire Supplies.
 27851 | D:11     | Bought a +2 pair of boots of fire resistance for 301 gold
                  | pieces
 28460 | D:12     | Noticed Fannar
 28463 | D:12     | Killed Fannar
 29463 | D:12     | Reached skill level 10 in Necromancy
 30093 | D:13     | Found a frozen archway.
 30216 | IceCv    | Entered an ice cave
 30222 | IceCv    | Noticed a quicksilver ooze
 30224 | IceCv    | Killed a quicksilver ooze
 30225 | IceCv    | Reached skill level 15 in Conjurations
 30478 | IceCv    | Reached skill level 10 in Fire Magic
 30988 | IceCv    | Noticed a quicksilver ooze
 30990 | IceCv    | Killed a quicksilver ooze
 30996 | IceCv    | Noticed an azure jelly
 30999 | IceCv    | Killed an azure jelly
 31000 | IceCv    | Reached skill level 19 in Spellcasting
 31130 | IceCv    | Reached XP level 15. HP: 72/72 MP: 36/36
 31229 | IceCv    | Found a viscous altar of Jiyva.
 31259 | IceCv    | Identified the ring "Nirionim" {Fly rElec Dex+6}
 31272 | IceCv    | Acquired a book of Alchemy
 31281 | IceCv    | Got the ring "Rirezegaim" {rC+ MP+9 SInv Stlth+}
 31949 | D:13     | Found a gate to the Vaults.
 32765 | D:14     | HP: 4/87 [skeletal warrior/+0 mace[a skeletal warrior] (5)]
 32931 | D:13     | Offered knowledge of Lightning Bolt by Vehumet.
 32952 | D:13     | Learned a level 4 spell: Flame Wave
 32959 | D:13     | Learned a level 6 spell: Death Channel
 33095 | D:14     | Shot with an arrow by a centaur warrior

Illustrated notes

Levels and vault maps discovered:
D:1:      scummos_arrival_simple_crosswalls, layout_basic,
          basic_ecumenical_altar
D:2:      layout_loops_ring, serial_shops, nicolae_shop_trees,
          chequers_serial_rivers_micro_a
D:3:      layout_loops_ring, nzn_overflow_gifts_of_might_and_magic,
          fedhas_ov_isle_minmay, serial_shops, nicolae_shop_behind_doors, shop,
          nicolae_shop_waterfront, shop, minmay_checkerbox
D:4:      layout_gridville, ashenzari_altar_1,
          minmay_temple_entry_gardened_gates, portal_sewer_entry_a,
          serial_bayou_ford_a, nicolae_elemental_shop,
          wad_floor_pattern_untrapped, nicolae_shop_self_help, uniq_pikel
D:5:      layout_layer_cave, hangedman_decor_opposing
D:6:      layout_gridville, serial_shops, nicolae_square_shop
D:7:      minmay_the_grid_octo_triangle [minmay_the_grid_octo_77,
          minmay_the_grid_octo_prize_ultimate_mussel_roller,
          minmay_the_grid_octo_fan_narrow], layout_loops_cross,
          grunt_dithmenos_smoke, grunt_gozag_breadcrumbs,
          mainiacjoe_overflow_concentric_impassable, minmay_misc_feat_five,
          st_stairs_10, grunt_ogre_cave, skrybe_limestone_x,
          nicolae_wooded_promenade
D:8:      layout_loops_ring, lair_entry_dummy
D:9:      layout_roguey, okawaru_humans, orc_0_dummy, enter_bailey_5,
          hangedman_decor_push
D:10:     layout_roguey, mainiacjoe_overflow_surrounded_room, serial_shops,
          nicolae_diamond_shop
D:11:     layout_basic, serial_shops, shop, nicolae_shop_fire_sale
          [nicolae_sub_dead_trees], nicolae_ru_sacrificial_ziggurat, uniq_urug,
          uniq_sonja
D:12:     layout_layer_cave, hangedman_cracks_in_the_wall, uniq_fannar
D:13:     layout_gridville, david_vaults_2, portal_ice_cave_entry_imps
D:14:     layout_cross, minmay_misc_feat_rows, serial_shops, shop_fountains,
          uniq_rupert
Temple:   nicolae_temple_god_jail
Lair:1:   layout_long_grid, ebering_ghost_funeral_grove
Lair:2:   layout_chaotic_city, grunt_megastairs_1, infiniplex_staircase_pool
Lair:3:   layout_small_grid, swamp_mist_pool, nicolae_spider_entry_non_spiders,
          gauntlet_entry_generic
Lair:4:   cheibrodos_magma_flow, layout_regular_city, columned_hall_lemuel,
          nicolae_quartered_pool_little, lemuel_fruit_tree, uniq_josephine
Lair:5:   layout_regular_city, slime_altar_1
Lair:6:   evilmike_catoblepas_cave, layout_long_grid,
          grunt_forest_small_clearings, nzn_sisyphean_effort, grunt_megastairs_4
Slime:1:  layout_caves

Skill      XL: |  1  2  3  4  5  6  7  8  9 10 11 12 13 14 15 |
---------------+----------------------------------------------+-----
Conjurations   | 5 6 7 8 9 10 11 12 13 14 15 | 15.6
Spellcasting   | 4 5 6 8 10 12 14 15 17 19 | 19.4
Stealth        | 3 4 |  4.6
Hexes          | 1 2 4 5 6 8 10 11 12 | 12.3
Necromancy     | 1 2 3 5 6 7 8 9 10 | 10.3
Bows           | 1 2 3 4 5 |  5.0
Fire Magic     | 1 2 4 6 7 8 10 | 10.6
Dodging        | 3 4 |  4.1
Evocations     | 2 3 4 5 6 7 8 |  8.1
Earth Magic    | 1 2 3 |  3.5
Fighting       | |  0.7

Action                   |  1- 3 |  4- 6 |  7- 9 | 10-12 | 13-15 || total
-------------------------+-------+-------+-------+-------+-------++-------
Melee: Short sword       |       |       |       |    16 |       ||    16
       Staff             |       |       |       |       |     5 ||     5
Throw: Dart              |       |       |       |       |     1 ||     1
 Cast: Magic Dart        |    73 |    60 |   100 |    26 |    10 ||   269
       Searing Ray       |     4 |    27 |    10 |     1 |       ||    42
       Animate Skeleton  |       |     1 |       |       |       ||     1
       Stone Arrow       |       |       |    45 |    73 |    27 ||   145
       Fulminant Prism   |       |       |    35 |   199 |   117 ||   351
       Fireball          |       |       |       |    43 |   292 ||   335
       Starburst         |       |       |       |       |     1 ||     1
       Death Channel     |       |       |       |       |     1 ||     1
Evoke: Wand              |       |       |     1 |     4 |     4 ||     9
       Condenser vane    |       |       |       |     1 |     2 ||     3
  Use: Scroll            |       |       |    11 |    13 |    15 ||    39
       Potion            |       |       |     2 |     1 |    11 ||    14
Armor: Robe              |       |     3 |    13 |    17 |    42 ||    75
Dodge: Dodged            |     5 |    19 |    39 |    25 |    35 ||   123
